 Dungeon Crawl Stone Soup version 0.23-a0-151-gf6d1ed2 (webtiles) character file.

326 mopl the Spear-Bearer (level 6, -3/47 HPs)
             Began as a Merfolk Abyssal Knight on Sept 7, 2018.
             Was a Priest of Lugonu.
             Slain by a worker ant (7 damage)
             ... on level 4 of the Dungeon.
             The game lasted 00:04:46 (3392 turns).

mopl the Spear-Bearer (Merfolk Abyssal Knight)      Turns: 3392, Time: 00:04:46

Health: -3/47      AC:  8    Str: 14    XL:     6   Next: 49%
Magic:  9/9        EV: 11    Int: 14    God:    Lugonu [***...]
Gold:   160        SH:  0    Dex: 14    Spells: 5/5 levels left

rFire    . . .     SeeInvis .   a - +3 spear (pierce)
rCold    . . .     Gourm    .   (no shield)
rNeg     . . .     Faith    .   m - +2 ring mail {rPois}
rPois    +         Spirit   .   k - +0 helmet
rElec    .         Reflect  .   (no cloak)
rCorr    .         Harm     .   (no gloves)
MR       .....                  (no boots)
Stlth    +.........             (no amulet)
HPRegen  0.15/turn              j - ring of wizardry
MPRegen  0.11/turn              l - +3 ring of intelligence

@: lethally poisoned (-3 -> -4)
A: change form in water, swift swim, stealthy swim
a: Depart the Abyss, Bend Space, Banish, Renounce Religion


You were on level 4 of the Dungeon.
You worshipped Lugonu.
Lugonu was most pleased with you.
You were not hungry.

You visited 1 branch of the dungeon, and saw 4 of its levels.
You visited the Abyss 1 time.

You collected 160 gold pieces.

Inventory:

Hand Weapons
 a - a +3 spear of piercing (weapon)
Missiles
 o - a throwing net (quivered)
Armour
 k - a +0 helmet (worn)
 m - a +2 ring mail of poison resistance (worn)
Jewellery
 j - a ring of wizardry (left hand)
 l - a +3 ring of intelligence (right hand)
 q - an uncursed ring of see invisible {unknown}
Wands
 n - a wand of iceblast (2)
Scrolls
 b - 2 scrolls of identify {unknown}
 d - 3 scrolls of teleportation {unknown}
 g - a scroll of amnesia {unknown}
 h - 4 scrolls of remove curse {unknown}
Potions
 e - 3 potions of haste {unknown}
 f - 2 potions of curing {unknown}
 i - a potion of invisibility {unknown}
 p - a potion of flight {unknown}
Comestibles
 c - 5 rations


   Skills:
 - Level 3.2 Fighting
 * Level 8.1 Polearms
 - Level 0.6 Armour
 - Level 2.6 Dodging
 + Level 4.3 Invocations


You had 5 spell levels left.
You didn't know any spells.
Your spell library was empty.

Dungeon Overview and Level Annotations

Branches:
Dungeon (4/15)
 Temple: D:4-7

Altars:
Xom
Zin


Message History

The worker ant is almost dead.
You feel sick.
You closely miss the worker ant.
The worker ant is almost dead.
The worker ant misses you.
You closely miss the worker ant.
The worker ant is almost dead.
The worker ant bites you.
* * * LOW HITPOINT WARNING * * *
You closely miss the worker ant.
The worker ant is almost dead.
The worker ant bites you but does no damage.
You barely miss the worker ant.
The worker ant is almost dead.
The worker ant waves its antennae.
The worker ant closely misses you.
You barely miss the worker ant.
The worker ant is almost dead.
You feel sick. The worker ant bites you!
You die...

..........#####.
######.#..#...#.
#.#._#.A!#_
#.#..#...#.
#.#..#####.
#.#........
#.#........
#%#a###.#.#
#.#@# .... #.#.#
#.# #.#.### .#
#..<..#
#.....#####.
#............
#.....#####.#
#.....# #.....#


You could see an angel (stupefied) and a worker ant.

Vanquished Creatures
  2 orc priests (D:3)
  Natasha (thrice) (D:2)
  2 worker ants (D:4)
  Robin (D:2)
  3 adders
  An adder skeleton (D:2)
  A dart slug (D:2)
  3 worms
  A leopard gecko (D:1)
  7 orcs
  5 bats
  2 giant cockroaches (D:2)
  15 goblins
  14 hobgoblins
  8 jackals
  4 quokkas
  A ball python (D:3)
  3 frilled lizards
  6 kobolds
  7 rats
89 creatures vanquished.

Notes
Turn   | Place    | Note
-------+----------+-------------------------------------------
     0 | Abyss:1  | mopl the Merfolk Abyssal Knight began the quest for the
                  | Orb.
     0 | Abyss:1  | Reached XP level 1. HP: 18/18 MP: 2/2
   141 | D:1      | Escaped the Abyss
   537 | D:1      | Reached XP level 2. HP: 22/24 MP: 3/3
   751 | D:1      | Reached skill level 4 in Polearms
  1115 | D:2      | Reached ** piety under Lugonu
  1153 | D:2      | Reached XP level 3. HP: 26/29 MP: 4/4
  1244 | D:2      | Noticed Robin
  1539 | D:2      | Killed Robin
  1539 | D:2      | Reached skill level 5 in Polearms
  1626 | D:2      | Reached XP level 4. HP: 35/35 MP: 6/6
  1640 | D:2      | Reached skill level 3 in Invocations
  1897 | D:2      | Noticed Natasha
  1905 | D:2      | Killed Natasha
  1905 | D:2      | Reached skill level 6 in Polearms
  2027 | D:2      | Reached *** piety under Lugonu
  2101 | D:2      | Noticed Natasha
  2107 | D:2      | Killed Natasha
  2107 | D:2      | Reached XP level 5. HP: 41/41 MP: 7/7
  2138 | D:2      | Noticed Natasha
  2143 | D:2      | Killed Natasha
  2377 | D:3      | Reached skill level 7 in Polearms
  2423 | D:3      | Reached skill level 4 in Invocations
  2423 | D:3      | Reached XP level 6. HP: 24/47 MP: 7/9
  3348 | D:4      | Found a glowing silver altar of Zin.
  3349 | D:4      | Noticed an angel
  3350 | D:4      | Found a shimmering altar of Xom.
  3373 | D:4      | Reached skill level 8 in Polearms
  3392 | D:4      | Slain by a worker ant

Vault maps used:
D:1:      minmay_arrival_widening_spiral_narrow
D:2:      uniq_natasha, uniq_robin
D:3:      cheibrodos_pilgrimage, item_on_display_a
D:4:      grunt_temple_overflow_order_and_chaos_1, first_ration, serial_shops,
          shop, uniq_edmund

Skill      XL: |  1  2  3  4  5  6 |
---------------+-------------------+-----
Polearms       | 4 5 6 7 8 |  8.1
Invocations    | 3 4 |  4.3
Fighting       | |  3.2
Armour         | |  0.6
Dodging        | |  2.6

Action                   |  1- 3 |  4- 6 || total
-------------------------+-------+-------++-------
Melee: Spear             |   143 |   151 ||   294
Evoke: Wand              |     2 |       ||     2
  Eat: Chunk             |     2 |     6 ||     8
Armor: Leather armour    |     1 |       ||     1
       Ring mail         |    28 |    38 ||    66
Dodge: Dodged            |    49 |    46 ||    95

Table legend:
 A = Non-vault XP
 B = Vault XP
 C = Vault XP percentage of total XP
 D = Non-vault monster count
 E = Vault monster count
 F = Vault count percentage of total count
                 A         B        C        D         E       F
            +---------+---------+-------+---------+---------+-------
      Total |     346 |     121 |  25.9 |      72 |      17 |  19.1
            +---------+---------+-------+---------+---------+-------
        D:1 |      25 |       0 |   0.0 |      15 |       0 |   0.0
        D:2 |     138 |      68 |  33.0 |      31 |      12 |  27.9
        D:3 |     101 |      53 |  34.4 |      23 |       5 |  17.9
        D:4 |      82 |       0 |   0.0 |       3 |       0 |   0.0
            +---------+---------+-------+---------+---------+-------
